 Dungeon Crawl Stone Soup version 0.29-a0-876-gfc89b1a5bd (webtiles) character file.

Game seed: 12108751992412744779

826 HoaS the Skirmisher (level 7, -3/40 HPs)
             Began as a Gargoyle Hunter on July 19, 2022.
             Was a Believer of Okawaru.
             Slain by a wyvern zombie (11 damage)
             ... on level 5 of the Dungeon.
             The game lasted 00:06:55 (4042 turns).

HoaS the Skirmisher (Gargoyle Hunter)               Turns: 4042, Time: 00:06:55

Health: -3/40      AC:  7    Str: 15    XL:     7   Next: 96%
Magic:  9/9        EV: 11    Int:  9    God:    Okawaru [**....]
Gold:   1158       SH:  0    Dex: 15    Spells: 6/6 levels left

rFire   . . .      SeeInvis .   a - +0 shortbow
rCold   . . .      Faith    .   (shield currently unavailable)
rNeg    + + .      Spirit   .   c - +0 leather armour
rPois   ∞          Reflect  .   (no helmet)
rElec   +          Harm     .   (no cloak)
rCorr   .          Rampage  .   (no gloves)
Will    .....                   (no boots)
Stlth   ++........              (no amulet)
HPRegen 0.13/turn               m - ring of positive energy
MPRegen 0.11/turn               (no ring)

@: no status effects
A: sickness immunity, AC +4, negative energy resistance 1, electricity
resistance, torment resistance 1, petrification resistance
a: Renounce Religion, Heroism


You were on level 5 of the Dungeon.
You worshipped Okawaru.
Okawaru was pleased with you.
You visited 1 branch of the dungeon, and saw 5 of its levels.

You collected 1158 gold pieces.

Inventory:

Hand Weapons
 a - a +0 shortbow (weapon)
Armour
 c - a +0 leather armour (worn)
 e - a +0 ring mail
Jewellery
 f - a ring of ice
 m - a ring of positive energy (left hand)
Wands
 n - a wand of flame (13)
Scrolls
 b - 2 scrolls of immolation
 j - 3 scrolls of teleportation
 q - a scroll of fog
Potions
 g - 2 potions of mutation
 i - a potion of degeneration {unknown}
 k - a potion of cancellation {unknown}
 l - a potion of berserk rage {unknown}


   Skills:
 - Level 2.1 Fighting
 * Level 9.1 Ranged Weapons
 - Level 1.5 Dodging
 - Level 1.1 Stealth
 - Level 3.0 Invocations


You had 6 spell levels left.
You didn't know any spells.
Your spell library contained the following spells:

 Spells                   Type           Power      Damage    Failure   Level
 Sandblast                Erth           0%         2d4       45%         1
 Passwall                 Tmut/Erth      0%         N/A       58%         2
 Stone Arrow              Conj/Erth      0%         3d7       83%         3
 Fireball                 Conj/Fire      0%         3d3       100%        5
 Starburst                Conj/Fire      0%         6d3       100%        6
 Ignition                 Fire           0%         3d3       100%        8


Dungeon Overview and Level Annotations

Branches:
Dungeon (5/15)
 Temple: D:4-7

Altars:
Ashenzari
Dithmenos
Okawaru
Zin


Innate Abilities, Weirdness & Mutations

You are immune to sickness and miasma.
Your stone body is resilient. (AC +4)
You are immune to poison.
You resist negative energy. (rN+)
You are resistant to electric shocks. (rElec)
You are resistant to unholy torment.
You are immune to petrification.


Message History

The centaur zombie hits you but does no damage.
The centaur zombie closely misses you.
You shoot an arrow. The arrow hits the wyvern zombie.
The wyvern zombie is heavily damaged.
The wyvern zombie misses you. The centaur zombie barely misses you.
The centaur zombie kicks you.
You shoot an arrow. The arrow hits the wyvern zombie!
The wyvern zombie is heavily damaged.
The wyvern zombie bites you. The centaur zombie misses you.
The centaur zombie kicks you.
You shoot an arrow. The arrow hits the wyvern zombie!
The wyvern zombie is severely damaged.
The centaur zombie misses you. x2; The wyvern zombie barely misses you. x2
The centaur zombie hits you.
The centaur zombie kicks you but does no damage.
You shoot an arrow.
The arrow hits the wyvern zombie but does no damage.
The wyvern zombie is severely damaged.
The centaur zombie barely misses you.
The centaur zombie kicks you but does no damage.
The wyvern zombie barely misses you.
You shoot an arrow. The arrow hits the wyvern zombie!
The wyvern zombie is almost destroyed.
The centaur zombie hits you. The centaur zombie closely misses you.
The wyvern zombie barely misses you.
The centaur zombie hits you but does no damage.
The centaur zombie barely misses you. The wyvern zombie barely misses you.
You shoot an arrow.
The arrow hits the wyvern zombie but does no damage.
The wyvern zombie is almost destroyed.
The centaur zombie hits you. The centaur zombie closely misses you.
The wyvern zombie closely misses you.
You shoot an arrow.
The arrow barely misses the wyvern zombie.
The centaur zombie hits you. The centaur zombie barely misses you.
The wyvern zombie bites you! The centaur zombie hits you.
* * * LOW HITPOINT WARNING * * *
The centaur zombie kicks you but does no damage.
The wyvern zombie bites you!
You die...

#...##..###
##........##
#..........##
#.)......(..#
#...........#
#........#.####
##.............#
#...P.......#..#
##@...8...#.#.##
#ZZ...#..#....# ##
P......##......###.
.........).......##.
.......###..........
.........<...........
...........#...>......
..##........#..........
.....#......


You could see a wyvern zombie and a centaur zombie.

Vanquished Creatures
  A phantom (D:5)
  A necrophage (D:3)
  A bullfrog (D:5)
  2 scorpions (D:4)
  A water moccasin zombie (D:5)
  3 jellies
  A bullfrog skeleton (D:5)
  4 iguanas
  An orc wizard (D:4)
  A hound skeleton (D:5)
  A howler monkey zombie (D:5)
  4 gnolls (D:3)
  4 adders
  5 dart slugs
  2 worms (D:2)
  7 orcs
  7 bats
  3 endoplasms (D:1)
  3 giant cockroaches
  14 goblins
  9 hobgoblins
  6 jackals
  4 quokkas
  2 ball pythons (D:2)
  3 frilled lizards
  A kobold (D:2)
  8 rats
99 creatures vanquished.

Vanquished Creatures (others)
  A withered plant (D:5)
1 creature vanquished.

Grand Total: 100 creatures vanquished

Notes
Turn   | Place    | Note
-------+----------+-------------------------------------------
     0 | D:1      | HoaS the Gargoyle Hunter began the quest for the Orb.
     0 | D:1      | Reached XP level 1. HP: 12/12 MP: 1/1
    64 | D:1      | Reached XP level 2. HP: 17/17 MP: 2/2
   437 | D:1      | Reached XP level 3. HP: 21/21 MP: 3/3
   499 | D:1      | Reached skill level 5 in Ranged Weapons
   659 | D:2      | Found a broken altar of Ashenzari.
  1092 | D:2      | Reached XP level 4. HP: 26/26 MP: 4/4
  1539 | D:3      | Found an iron altar of Okawaru.
  1612 | D:3      | Became a worshipper of Warmaster Okawaru
  1708 | D:3      | Found a broken altar of Ashenzari.
  1708 | D:3      | Noticed a necrophage
  1722 | D:3      | Killed a necrophage
  1723 | D:3      | Reached skill level 6 in Ranged Weapons
  1723 | D:3      | Reached skill level 1 in Invocations
  1723 | D:3      | Reached XP level 5. HP: 15/30 MP: 4/6
  1940 | D:3      | Found a shadowy altar of Dithmenos.
  2232 | D:4      | Found a glowing silver altar of Zin.
  2253 | D:4      | Reached * piety under Okawaru
  2254 | D:4      | Reached XP level 6. HP: 35/35 MP: 7/7
  2329 | D:4      | Reached skill level 7 in Ranged Weapons
  2959 | D:4      | Identified a scroll of acquirement
  2959 | D:4      | Acquired 939 gold pieces
  2983 | D:5      | Entered Level 5 of the Dungeon
  2992 | D:5      | Reached XP level 7. HP: 24/40 MP: 9/9
  3366 | D:4      | Reached skill level 8 in Ranged Weapons
  3751 | D:5      | Reached ** piety under Okawaru
  3821 | D:5      | Reached skill level 9 in Ranged Weapons
  4042 | D:5      | Slain by a wyvern zombie

Illustrated notes

Levels and vault maps discovered:
D:1:      tarquinn_simple_flora_water_b, layout_rooms
D:2:      layout_loops_ring, basic_altar
D:3:      layout_basic, nicolae_ashenzari_skybound,
          nicolae_overflow_crystal_walls, mainiacjoe_overflow_chevrons
D:4:      layout_basic, mainiacjoe_overflow_small_starburst
D:5:      layout_cave_pools, mainiacjoe_overflow_paths, cheibriados_altar_1,
          serial_undead, serial_undead_e, serial_undead_c, serial_undead_d,
          serial_undead_c, serial_undead_b, serial_undead_c, serial_undead_e,
          minmay_misc_feat_alley, uniq_blork_the_orc

Skill      XL: |  1  2  3  4  5  6  7 |
---------------+----------------------+-----
Ranged Weapons | 5 6 7 9 |  9.1
Invocations    | 1 2 3 |  3.0
Fighting       | |  2.1
Dodging        | |  1.5
Stealth        | |  1.1

Action                   |  1- 3 |  4- 6 |  7- 9 || total
-------------------------+-------+-------+-------++-------
 Fire: Shortbow          |   100 |   178 |   128 ||   406
  Use: Scroll            |     5 |     4 |     1 ||    10
       Potion            |       |     2 |     4 ||     6
Armor: Leather armour    |    12 |    38 |    56 ||   106
Dodge: Dodged            |    27 |    67 |    86 ||   180

Table legend: (Time is in decaauts)
 A = Elapsed time spent in this place.
 B = Non-inter-level travel time spent in this place.
 C = Inter-level travel time spent in this place.
 D = Time resting spent in this place.
 E = Time spent auto-exploring this place.
 F = Levels seen in this place.
 G = Mean time per level.
                   A        B        C        D        E       F      G
               +--------+--------+--------+--------+--------+-----+--------+
         Total |   4127 |   3999 |    128 |   1420 |   1843 |   5 |  825.4 |
       Dungeon |   4127 |   3999 |    128 |   1420 |   1843 |   5 |  825.4 |
               +--------+--------+--------+--------+--------+-----+--------+

Top non-repeatable levels by time:
     D:4: 1419 daAuts
     D:3: 809 daAuts
     D:2: 760 daAuts
     D:1: 652 daAuts
     D:5: 485 daAuts
